 Dungeon Crawl Stone Soup version bcrawl-1.41.1 (webtiles) character file.

Game seed: 4481082213866601036

214274 Grimmash the Ducker (level 7, 51/51 HPs)
             Began as a Demonspawn Archaeologist on Apr 18, 2024.
             Quit the game on level 4 of the Dungeon.
             The game lasted 00:03:53 (3317 turns).

Grimmash the Ducker (Demonspawn Archaeologist)      Turns: 3317, Time: 00:03:53

Health: 51/51      AC: 14    Str: 11    XL:     7   Next: 3%
Magic:  31/31      EV:  8    Int: 18    God:
Gold:   248        SH:  4    Dex: 11    Spells: 10/10 levels left

rFire    . . .     GDR:     24% a - +9 staff of Wucad Mu {crush, +Abjure *Drain MP+20}
rCold    . . .     SeeInvis .   s - +0 buckler
rNeg     . . .     Gourm    .   E - +0 scale mail
rPois    .         Faith    .   d - +1 hat
rElec    .         Spirit   .   y - +0 cloak
rCorr    .         Reflect  .   u - +0 pair of gloves
MR       +....                  k - +1 pair of boots
Stlth    ++........             (no amulet)
HPRegen  0.18/turn              j - ring of protection from magic
MPRegen  0.22/turn              (no ring)

@: lightly drained
A: molten scales 2, demonic guardian 1, nightstalker 1
a: no special abilities


You were on level 4 of the Dungeon.
You were not hungry.

You visited 1 branch of the dungeon, and saw 4 of its levels.

You collected 248 gold pieces.

Inventory:

Hand Weapons
 a - the +9 staff of Wucad Mu (weapon) {crush, +Abjure *Drain MP+20}
   (You acquired it on level 3 of the Dungeon)

   It will always inflict at least some extra damage.
   This minimum extra damage increases with your current reserve of magical
   power.
   It affects your magic capacity (+20).
   It causes draining when unequipped.
 b - a +0 blowgun
Missiles
 c - 34 poisoned tomahawks
 f - 5 curare-tipped needles
 q - 40 poisoned needles
 B - 41 javelins (quivered)
Armour
 d - a +1 hat (worn)
 k - a +1 pair of boots (worn)
 s - a +0 buckler (worn)
 u - a +0 pair of gloves (worn)
 x - a scarf of clouds
 y - a +0 cloak (worn)
 E - a +0 scale mail (worn)
Jewellery
 j - a ring of protection from magic (left hand)
Wands
 C - a wand of clouds (8)
 F - a wand of polymorph (12)
Scrolls
 i - 4 scrolls of identify
 l - a scroll of noise {unknown}
 m - 7 scrolls of teleportation {unknown}
 o - a scroll of enchant weapon {unknown}
 t - a scroll of blinking {unknown}
 w - a scroll of remove curse {unknown}
 z - a scroll of enchant armour {unknown}
 A - a scroll of fear {unknown}
Potions
 g - a potion of might {unknown}
 n - a potion of brilliance {unknown}
 p - a potion of lignification {unknown}
 r - a potion of ambrosia {unknown}
 v - 2 potions of cancellation {unknown}
 D - a potion of haste {unknown}
Comestibles
 e - 10 rations {!d}
 h - 2 chunks of flesh


   Skills:
 * Level 2.4(2.3) Fighting
   Level 2.6(2.8) Maces & Flails
 * Level 1.4(2.2) Staves
 * Level 1.8(1.7) Armour
 * Level 4.2 Dodging
 + Level 3.8(3.7) Stealth
 * Level 1.6(1.5) Shields
 * Level 2.1(2.0) Spellcasting


You had 10 spell levels left.
You didn't know any spells.
Your spell library was empty.

Dungeon Overview and Level Annotations

Branches:
Dungeon (4/12)
 Temple: D:4-7

Altars:
Fedhas
Nemelex Xobeh
Vehumet


Innate Abilities, Weirdness & Mutations

You are mostly covered in molten scales. (AC +3)
A weak demonic guardian rushes to your aid.
You are slightly more attuned to the shadows.


Message History

This raw flesh tastes terrible.
Things that are here:
a +0 mace; a +0 leather armour
Items here: )) [ †† a +0 dagger; a cursed +0 ring mail; a +0 war axe; the felid corpse of Natasha an orc corpse
Things that are here:
a +0 dagger; a +0 leather armour; an orc corpse
F - a wand of polymorph (12)
Items here: ( )) [ † a +0 dagger of chaos; a +0 hunting sling; 240 sling bullets; a +0 scale mail the goblin corpse of Ijyb
Found an escape hatch in the floor.
You open the door.
There is an open door here.
A worm comes into view.
A worm is nearby!
A worm is nearby!
A worm is nearby!
Are you sure you want to abandon this character and quit the game? (Confirm with "yes".)

#.# #...
#.# #...
#.# #...
#.# #...
#.# #...
#.# #.##
#.# #.
#.#######
#.@..w...
#########


You could see a worm (sleeping).

Vanquished Creatures
  A phantom (D:4)
  A worker ant (D:4)
  Natasha (thrice) (D:4)
  A worker ant zombie (D:4)
  A gnoll (D:2)
  An adder (D:3)
  An ooze (D:2)
  2 worms
  3 dart slugs (D:1)
  4 leopard geckos
  7 orcs (D:4)
  4 giant cockroaches
  4 goblins
  4 hobgoblins
  4 jackals
  4 quokkas
  A ball python (D:1)
  6 bats
  2 frilled lizards (D:3)
  6 kobolds
  4 rats
  A plant (D:2)
65 creatures vanquished.

Vanquished Creatures (collateral kills)
  A sky beast (D:3)
  A howler monkey (D:4)
  An orc priest (D:4)
  Ijyb (D:4)
  3 gnolls (D:2)
  An orc (D:4)
  A hobgoblin (D:2)
  A rat (D:2)
10 creatures vanquished.

Vanquished Creatures (others)
  16 toadstools (D:2)
16 creatures vanquished.

Grand Total: 91 creatures vanquished

Notes
Turn   | Place    | Note
-------+----------+-------------------------------------------
     0 | D:1      | Grimmash the Demonspawn Archaeologist began the quest for
                  | the Orb.
     0 | D:1      | Reached XP level 1. HP: 15/15 MP: 2/2
    78 | D:1      | Reached skill level 1 in Maces & Flails
    78 | D:1      | Reached skill level 3 in Dodging
    78 | D:1      | Gained mutation: You are partially covered in molten
                  | scales. (AC +2) [demonic ancestry]
    78 | D:1      | Reached XP level 2. HP: 8/21 MP: 3/3
  1156 | D:1      | Found a radiant altar of Vehumet.
  1202 | D:2      | Gained mutation: A weak demonic guardian rushes to your
                  | aid. [demonic ancestry]
  1202 | D:2      | Reached XP level 3. HP: 19/26 MP: 4/4
  1290 | D:2      | Reached XP level 4. HP: 12/32 MP: 4/6
  1639 | D:2      | Found a blossoming altar of Fedhas.
  2159 | D:3      | Reached skill level 1 in Spellcasting
  2310 | D:3      | Found a sparkling altar of Nemelex Xobeh.
  2482 | D:3      | Noticed a sky beast
  2491 | D:3      | Killed a sky beast
  2492 | D:3      | Reached skill level 1 in Armour
  2492 | D:3      | Gained mutation: You are mostly covered in molten scales.
                  | (AC +3) [demonic ancestry]
  2492 | D:3      | Reached XP level 5. HP: 38/38 MP: 7/7
  2492 | D:3      | Identified a scroll of acquirement
  2493 | D:3      | Identified the +7 great mace "Doac" {elec, SInv} (You
                  | acquired it on level 3 of the Dungeon)
  2493 | D:3      | Identified the ring of Xaoguja {*Drain rF+++ MR+ Int+2
                  | Stlth++} (You acquired it on level 3 of the Dungeon)
  2494 | D:3      | Found the +9 staff of Wucad Mu {crush, +Abjure *Drain
                  | MP+20}
  2819 | D:4      | Noticed a phantom
  2841 | D:4      | Killed a phantom
  2842 | D:4      | Reached skill level 4 in Dodging
  2842 | D:4      | Reached skill level 1 in Shields
  2842 | D:4      | Reached XP level 6. HP: 33/44 MP: 9/9
  2931 | D:4      | Noticed Natasha
  2938 | D:4      | Killed Natasha
  2970 | D:4      | Noticed Natasha
  2978 | D:4      | Killed Natasha
  3037 | D:4      | Reached skill level 1 in Staves
  3122 | D:4      | Noticed Ijyb
  3144 | D:4      | Killed Ijyb
  3209 | D:4      | Noticed Natasha
  3220 | D:4      | Killed Natasha
  3221 | D:4      | Gained mutation: You are slightly more attuned to the
                  | shadows. [demonic ancestry]
  3221 | D:4      | Reached XP level 7. HP: 36/51 MP: 11/11
  3317 | D:4      | Quit the game

Skill      XL: |  1  2  3  4  5  6 |
---------------+-------------------+-----
Maces & Flails | 1 2 |  2.6
Dodging        | 3 4 |  4.2
Spellcasting   | 1 2 |  2.1
Armour         | 1 |  1.8
Fighting       | 2 |  2.4
Shields        | 1 |  1.6
Staves         | 1 |  1.4
Stealth        | |  3.8

Action                   |  1- 3 |  4- 6 |  7- 9 || total
-------------------------+-------+-------+-------++-------
Melee: Whip              |    79 |       |       ||    79
       Mace              |    25 |   129 |       ||   154
       Staff             |       |    64 |       ||    64
 Fire: Blowgun           |       |     1 |       ||     1
  Use: Scroll            |     2 |     2 |       ||     4
 Stab: Sleeping          |     2 |     6 |       ||     8
       Distracted        |       |     3 |       ||     3
  Eat: Chunk             |     4 |     8 |     2 ||    14
       Ration            |       |     1 |       ||     1
Armor: Robe              |    59 |    40 |       ||    99
       Scale mail        |       |    28 |       ||    28
Dodge: Dodged            |   104 |    77 |       ||   181
Block: Buckler           |       |    23 |       ||    23
